Eilxisys, chaotic female elven Wizard --- --.-- -- ----...---- -...........)<.| ------...--.--- |....G.......| |............--- --)..%.........--- |...............-- --......@........- |.......|.........h- --.|..----......---- ------ ----.-- -- Eilxisys the Conjurer Experience level: 5 Strength: 12 Dexterity: 12 Constitution: 16 Intelligence: 17 Wisdom: 8 Charisma: 12 Health: 15(32) Energy: 40(47) Def: 5 Gold: 381 Moves: 1299 Dungeon seed: W1siKxx8_UaJNQao Game ID: Eilxisys_1520445899 Your Inventory: Coins $ - 381 gold pieces Weapons a - a blessed +1 quarterstaff (weapon in hands) w - 8 uncursed +0 daggers (in quiver) F - 5 blessed +1 daggers H - a cursed -2 dagger Armor e - an uncursed +0 cloak of magic resistance y - a cursed -1 dwarvish mithril-coat (being worn) J - an uncursed +0 elven mithril-coat L - a cursed -1 pair of leather gloves (being worn) Comestibles o - 3 uncursed fortune cookies q - a cursed tin of kobold meat B - an uncursed clove of garlic D - an uncursed food ration E - 2 uncursed eggs G - an uncursed apple Scrolls i - 2 uncursed scrolls of destroy armor j - an uncursed scroll of light n - an uncursed scroll of teleportation N - an uncursed scroll of gold detection Spellbooks l - an uncursed spellbook of create monster s - an uncursed spellbook of restore ability t - a blessed spellbook of force bolt Potions f - 2 uncursed potions of water g - an uncursed potion of invisibility h - an uncursed potion of paralysis p - an uncursed potion of sickness Rings c - an uncursed ring of stealth d - an uncursed ring of polymorph Wands b - an uncursed wand of create monster (0:12) Tools k - an uncursed skeleton key m - an uncursed tooled horn u - an uncursed towel named nc v - an uncursed +0 grappling hook x - 6 uncursed wax candles (0:400) K - an uncursed mirror M - a cursed tallow candle (0:200) Gems r - an uncursed worthless piece of red glass z - an uncursed worthless piece of white glass A - an uncursed worthless piece of violet glass C - an uncursed worthless piece of yellowish brown glass Spells and supernatural/magical abilities: Name Level Category Fail Memory a - force bolt 1 attack 44% 94% O - create monster 2 clerical 92% 94% W - pray for help -- divine ? -- Your skills at the end: Fighting Skills Weapon Skills quarterstaff [Basic] Spellcasting Skills attack spells [Basic] enchantment spells [Basic] Final Attributes: You were piously aligned. You were sleep resistant. You had infravision. You survived. Vanquished creatures: a shrieker 2 gnome lords a kitten 4 dwarves an iguana an acid blob 3 hobbits a red mold 15 gnomes 3 jackals a fox a goblin a sewer rat 2 grid bugs 5 lichens 5 newts 47 creatures vanquished. Voluntary challenges: You used a wielded weapon 48 times, starting on turn 85. You read items or engraved 38 times, starting on turn 381. You never genocided any monsters. You never polymorphed an object. You never changed form. You used no wishes. You never split a pudding. You wrote Elbereth's name 33 times, starting on turn 853. You never violated your personal moral code. Dungeon overview: The Dungeons of Doom: levels 1 to 3 Level 1 an altar to Ptah, a fountain a long staircase Level 2 stairs to The Gnomish Mines Level 3 a fountain The Gnomish Mines: levels 3 to 4 Level 3 stairs to The Dungeons of Doom Level 4 <- You were here History has recorded: On T:1 you entered the Dungeons of Doom to retrieve the Amulet of Yendor! On T:79 you reached level 2 of The Dungeons of Doom. On T:529 you reached level 3 of The Dungeons of Doom. On T:624 you reached level 1 of The Gnomish Mines. On T:632 you advanced to experience level 2. On T:740 you advanced to experience level 3. On T:829 you advanced to experience level 4. On T:974 you reached level 2 of The Gnomish Mines. On T:1205 you advanced to experience level 5. Score breakdown: Gold: 381 ( 8783 points) Experience: 5 levels (11141 points) Exploration: 4 levels ( 7.55%) ( 7205 points) Discoveries: 1 item ( 0.36%) ( 1802 points) Valuables value: (no points given unless you survive) Artifact value: 0 ( 0 points) Variety of kills: 16 monsters ( 4.20%) ( 6147 points) Turncount: 1299 turns ( 0 points) Survival: quit (score multiplied by 90%) Total score: 31570 Latest messages: f - an uncursed potion of water. $ - 10 gold pieces. You have a little trouble lifting w - a dagger (in quiver). There are several more objects here. Your movements are slowed slightly because of your load. You have a little trouble lifting w - a dagger (in quiver). There are several objects here. You have a little trouble lifting y - a dwarvish mithril-coat. You start equipping your dwarvish mithril-coat. You take off your cloak of magic resistance. You stop changing your equipment. You continue equipping your dwarvish mithril-coat. You stop changing your equipment. You continue equipping your dwarvish mithril-coat. You take off your elven mithril-coat. You are now wearing a dwarvish mithril-coat. Oops! That feels deathly cold. You are already wearing a suit. Final status: Goodbye Eilxisys the Wizard, quit... You quit in The Gnomish Mines on dungeon level 4 with 31570 points, and 381 pieces of gold, after 1299 moves. You were level 5 with a maximum of 32 hit points when you quit.